 Dungeon Crawl Stone Soup version 0.24.0-123-gd5b16e6ec5 (webtiles) character file.

Game seed: 8613923487848762274, levelgen mode: deterministic

198 FishyPogo the Charmwright (level 5, -1/43 HPs)
             Began as a Gnoll Skald on Dec 17, 2019.
             Engulfed by a white imp's steam (11 damage)
             ... summoned by Eustachio
             ... on level 4 of the Dungeon.
             The game lasted 00:13:25 (2496 turns).

FishyPogo the Charmwright (Gnoll Skald)             Turns: 2496, Time: 00:13:25

Health: -1/43      AC:  3    Str: 13    XL:     5   Next: 76%
Magic:  2/12       EV: 20    Int: 16    God:
Gold:   122        SH:  0    Dex: 20    Spells: 2/14 levels left

rFire    . . .     SeeInvis .   a - +0 falchion
rCold    . . .     Gourm    .   (no shield)
rNeg     . . .     Faith    .   b - +0 leather armour
rPois    .         Spirit   .   (no helmet)
rElec    .         Reflect  .   (no cloak)
rCorr    .         Harm     .   (no gloves)
MR       .....                  (no boots)
Stlth    +++.......             (no amulet)
HPRegen  1.14/turn              (no ring)
MPRegen  0.13/turn              (no ring)

@: agile, shrouded, regenerating
A: distributed training, fangs 1, strong nose
a: no special abilities


You were on level 4 of the Dungeon.
You were not hungry.

You visited 1 branch of the dungeon, and saw 4 of its levels.

You collected 122 gold pieces.

Inventory:

Hand Weapons
 a - a +0 falchion (weapon)
 i - a +1 short sword of speed
Missiles
 e - 51 stones (quivered)
Armour
 b - a +0 leather armour (worn)
Scrolls
 f - 2 scrolls of identify {unknown}
 g - 5 scrolls of remove curse {unknown}
 h - 2 scrolls of teleportation {unknown}
 j - a scroll of random uselessness {unknown}
 k - a scroll of blinking {unknown}
 m - 2 scrolls of amnesia {unknown}
 n - a scroll of magic mapping {unknown}
 r - a scroll of enchant armour {unknown}
 s - 2 scrolls of fog {unknown}
 t - a scroll of fear {unknown}
Potions
 l - a potion of curing {unknown}
 o - a potion of might {unknown}
Comestibles
 d - 8 rations


   Skills:
 + Level 4.8 Fighting
 + Level 1.6 Short Blades
 + Level 4.8 Long Blades
 + Level 1.6 Axes
 + Level 1.6 Maces & Flails
 + Level 1.6 Polearms
 + Level 1.6 Staves
 + Level 1.6 Slings
 + Level 1.6 Bows
 + Level 1.6 Crossbows
 + Level 1.6 Throwing
 + Level 3.0 Armour
 + Level 4.8 Dodging
 + Level 1.6 Stealth
 + Level 1.6 Shields
 + Level 1.6 Unarmed Combat
 + Level 5.2 Spellcasting
 + Level 1.2 Conjurations
 + Level 1.2 Hexes
 + Level 5.5 Charms
 + Level 1.2 Summonings
 + Level 1.2 Necromancy
 + Level 1.2 Translocations
 + Level 1.2 Transmutations
 + Level 1.2 Fire Magic
 + Level 1.2 Ice Magic
 + Level 1.2 Air Magic
 + Level 1.2 Earth Magic
 + Level 1.2 Poison Magic
 + Level 1.8 Invocations
 + Level 1.6 Evocations


You had 2 spell levels left.
You knew the following spells:

 Your Spells              Type           Power        Failure   Level  Hunger
a - Magic Dart            Conj           #...         11%         1    None
h - Regeneration          Chrm/Necr      ###.......   14%         3    ###....
n - Spectral Weapon       Hex/Chrm       ###.....     14%         3    ###....
p - Shroud of Golubria    Chrm/Tloc      ###...       7%          2    #......
u - Song of Slaying       Chrm           ###.....     3%          2    #......
y - Infusion              Chrm           ###.         1%          1    None

Your spell library contained the following spells:

 Spells                   Type           Power        Failure   Level  Hunger
 Blink                    Tloc           N/A          17%         2    #......
 Call Imp                 Summ           #.......     17%         2    #......
 Slow                     Hex            #.......     17%         2    #......
 Conjure Flame            Conj/Fire      #.......     32%         3    ###....
 Mephitic Cloud           Conj/Pois/Air  #.......     32%         3    ###....
 Ice Form                 Ice/Tmut       #.......     73%         4    ####...
 Metabolic Englaciation   Hex/Ice        #.........   97%         5    ######.
 Bolt of Cold             Conj/Ice       #.........   100%        6    #######
 Freezing Cloud           Conj/Ice/Air   #.........   100%        6    #######
 Ozocubu's Refrigeration  Ice            #.........   100%        6    #######
 Simulacrum               Ice/Necr       #.........   100%        6    #######


Dungeon Overview and Level Annotations

Branches:
Dungeon (4/15)
 Temple: D:4-7

Altars:
Qazlal
Ru

Annotations:
D:4 Eustachio


Innate Abilities, Weirdness & Mutations

Your experience applies equally to all skills.
You have very sharp teeth.
Your uncanny sense of smell can sniff out nearby items.


Message History

The white imp closely misses you. The white imp gestures at you.
The puff of frost misses you.
You closely miss the rat. You bite the rat.
You kill the rat!
The rat's corpse disappears in a puff of smoke!
The white imp gestures at you. The puff of frost hits you!
* * * LOW HITPOINT WARNING * * *
The white imp misses you.
You hit the iron imp.
The iron imp is moderately wounded.
The white imp misses you.
You riposte.
You hit the white imp but do no damage. The white imp gestures at you.
The puff of frost misses you.
You hit the iron imp but do no damage.
You bite the iron imp, but do no damage.
The iron imp is moderately wounded.
You are engulfed in a cloud of scalding steam.
You die...

..#.#...>... #.#####.##
.......##.# #.##>. ..
#.###...#.####.##.# .#
..#
#...#......##.##.###.#
### #.......[.§.§...(((.(
#.......§§§≈§.!.(##
#.......§≈§≈§.(..#
##......≈##≈§#5r%.##
.........#≈≈§§@5@..(# ∆
..........#§_.≈#5........
......$..≈≈≈.>≈§.....##..
####.....≈#≈§≈≈§§≈...# .
#.....≈#####§≈≈...#
#......≈ ≈§≈....#
#....... .......##
#....... ........
.$#......∆


You could see Eustachio, an iron imp, a river rat and 2 white imps.

Vanquished Creatures
  2 orc priests (D:2)
  6 adders
  A worm (D:2)
  2 dart slugs (D:1)
  3 leopard geckos
  3 orcs
  3 ball pythons (D:2)
  8 bats
  5 giant cockroaches
  5 goblins
  11 hobgoblins
  2 jackals (D:1)
  12 kobolds
  A frilled lizard (D:1)
  6 rats
70 creatures vanquished.

Notes
Turn   | Place    | Note
-------+----------+-------------------------------------------
     0 | D:1      | FishyPogo the Gnoll Skald began the quest for the Orb.
     0 | D:1      | Reached XP level 1. HP: 20/20 MP: 6/6
    52 | D:1      | Reached XP level 2. HP: 22/26 MP: 4/7
    56 | D:1      | Learned a level 2 spell: Song of Slaying
    59 | D:1      | Learned a level 2 spell: Shroud of Golubria
   360 | D:1      | Reached XP level 3. HP: 22/31 MP: 6/9
   365 | D:1      | Learned a level 3 spell: Regeneration
   369 | D:1      | Learned a level 3 spell: Spectral Weapon
   420 | D:1      | Reached skill level 5 in Spellcasting
   870 | D:2      | Reached skill level 1 in Invocations
  1114 | D:2      | Reached skill level 1 in Short Blades
  1114 | D:2      | Reached skill level 1 in Axes
  1114 | D:2      | Reached skill level 1 in Maces & Flails
  1114 | D:2      | Reached skill level 1 in Polearms
  1114 | D:2      | Reached skill level 1 in Staves
  1114 | D:2      | Reached skill level 1 in Slings
  1114 | D:2      | Reached skill level 1 in Bows
  1114 | D:2      | Reached skill level 1 in Crossbows
  1114 | D:2      | Reached skill level 1 in Throwing
  1114 | D:2      | Reached skill level 1 in Stealth
  1114 | D:2      | Reached skill level 1 in Shields
  1114 | D:2      | Reached skill level 1 in Unarmed Combat
  1114 | D:2      | Reached skill level 1 in Evocations
  1126 | D:2      | Reached XP level 4. HP: 38/38 MP: 3/11
  1184 | D:2      | Learned a level 1 spell: Magic Dart
  1353 | D:2      | Found a sacrificial altar of Ru.
  1484 | D:2      | Reached skill level 1 in Conjurations
  1484 | D:2      | Reached skill level 1 in Hexes
  1484 | D:2      | Reached skill level 1 in Summonings
  1484 | D:2      | Reached skill level 1 in Necromancy
  1484 | D:2      | Reached skill level 1 in Translocations
  1484 | D:2      | Reached skill level 1 in Transmutations
  1484 | D:2      | Reached skill level 1 in Fire Magic
  1484 | D:2      | Reached skill level 1 in Ice Magic
  1484 | D:2      | Reached skill level 1 in Air Magic
  1484 | D:2      | Reached skill level 1 in Earth Magic
  1484 | D:2      | Reached skill level 1 in Poison Magic
  1489 | D:2      | Reached XP level 5. HP: 4/43 MP: 3/12
  2389 | D:4      | Found a stormy altar of Qazlal.
  2430 | D:4      | Noticed Eustachio
  2496 | D:4      | Engulfed by a white imp's steam

Levels and vault maps discovered:
D:1:      elethiomel_arrival_infinity_welcomes_careful_drivers,
          layout_loops_ring, st_stairs_13
D:2:      layout_basic, overflow_temple_1_default, first_ration, minivault_11
D:3:      layout_loops_ring
D:4:      layout_loops_cross, makhleb_grotto_becter, temple_green,
          kennysheep_path_1, nicolae_qazlal_general_emergency, uniq_menkaure,
          uniq_eustachio, uniq_edmund

Skill      XL: |  1  2  3  4  5 |
---------------+----------------+-----
Spellcasting   | 5 |  5.2
Invocations    | 1 |  1.8
Short Blades   | 1 |  1.6
Axes           | 1 |  1.6
Maces & Flails | 1 |  1.6
Polearms       | 1 |  1.6
Staves         | 1 |  1.6
Slings         | 1 |  1.6
Bows           | 1 |  1.6
Crossbows      | 1 |  1.6
Throwing       | 1 |  1.6
Stealth        | 1 |  1.6
Shields        | 1 |  1.6
Unarmed Combat | 1 |  1.6
Evocations     | 1 |  1.6
Conjurations   | 1 |  1.2
Hexes          | 1 |  1.2
Summonings     | 1 |  1.2
Necromancy     | 1 |  1.2
Translocations | 1 |  1.2
Transmutations | 1 |  1.2
Fire Magic     | 1 |  1.2
Ice Magic      | 1 |  1.2
Air Magic      | 1 |  1.2
Earth Magic    | 1 |  1.2
Poison Magic   | 1 |  1.2
Armour         | 3 |  3.0
Fighting       | |  4.8
Long Blades    | |  4.8
Dodging        | |  4.8
Charms         | |  5.5

Action                   |  1- 3 |  4- 6 || total
-------------------------+-------+-------++-------
Melee: Falchion          |   120 |   147 ||   267
       Bite              |    11 |    23 ||    34
       Punch             |     3 |     2 ||     5
Throw: Stone             |       |    34 ||    34
 Cast: Infusion          |     3 |     4 ||     7
       Shroud of Golubri |     3 |     6 ||     9
       Regeneration      |     4 |     8 ||    12
       Song of Slaying   |     1 |     2 ||     3
       Spectral Weapon   |       |     2 ||     2
       Magic Dart        |       |     7 ||     7
  Use: Potion            |       |     3 ||     3
  Eat: Chunk             |     1 |     6 ||     7
Armor: Leather armour    |    28 |    14 ||    42
       Skin              |       |    51 ||    51
Dodge: Dodged            |    86 |   127 ||   213
       Rpst.: Falchion   |    23 |    42 ||    65
